 Dungeon Crawl Stone Soup version 0.28-a0-233-gb8ca4b6547 (webtiles) character file.

Game seed: 4128881319520899958

123 Smaepdii the Conjurer (level 4, -1/24 HPs)
             Began as a Deep Elf Conjurer on Aug 23, 2021.
             Killed from afar by Robin (25 damage)
             ... with a bolt of acid
             ... on level 3 of the Dungeon.
             The game lasted 00:09:33 (2079 turns).

Smaepdii the Conjurer (Deep Elf Conjurer)           Turns: 2079, Time: 00:09:33

Health: -1/24      AC:  2    Str:  4    XL:     4   Next: 80%
Magic:  11/12      EV: 13    Int: 24    God:
Gold:   78         SH:  0    Dex: 13    Spells: 4/11 levels left

rFire   . . .      SeeInvis .   b - +2 whip (venom)
rCold   . . .      Faith    .   (no shield)
rNeg    . . .      Spirit   .   a - +0 robe
rPois   .          Reflect  .   (no helmet)
rElec   .          Harm     .   (no cloak)
rCorr   .          Rampage  .   (no gloves)
Will    .....                   (no boots)
Stlth   ++........              e - amulet of magic regeneration
HPRegen 0.08/turn               (no ring)
MPRegen 0.38/turn               (no ring)

@: no status effects
A: no striking features
a: no special abilities


You were on level 3 of the Dungeon.
You visited 1 branch of the dungeon, and saw 4 of its levels.

You collected 78 gold pieces.

Inventory:

Hand Weapons
 b - a +2 whip of venom (weapon)
Armour
 a - a +0 robe (worn)
Jewellery
 e - an amulet of magic regeneration (around neck)
 i - an amulet of reflection
Wands
 j - a wand of polymorph (1)
Scrolls
 d - a scroll of fear {unknown}
 f - a scroll of identify {unknown}
Potions
 c - 2 potions of invisibility {unknown}
 g - a potion of lignification {unknown}
 h - a potion of berserk rage {unknown}


   Skills:
 + Level 3.4 Dodging
 + Level 3.7 Stealth
 + Level 4.0 Spellcasting
 * Level 5.4 Conjurations


You had 4 spell levels left.
You knew the following spells:

 Your Spells              Type           Power      Damage    Failure   Level
a - Magic Dart            Conj           100%       1d8       1%          1
b - Searing Ray           Conj           62%        3d5       1%          2
c - Dazzling Flash        Conj/Hex       36%        N/A       10%         3
d - Apportation           Tloc           8%         N/A       10%         1

Your spell library contained the following spells:

 Spells                   Type           Power      Damage    Failure   Level
 Animate Skeleton         Necr           8%         N/A       10%         1
 Corona                   Hex            4%         N/A       10%         1
 Summon Small Mammal      Summ           16%        N/A       10%         1
 Fulminant Prism          Conj/Hex       9%         3d7       30%         4
 Iskenderun's Mystic Bla  Conj/Tloc      18%        2d6       30%         4
 Malign Gateway           Summ/Tloc      2%         N/A       100%        7
 Summon Horrible Things   Summ           2%         N/A       100%        8


Dungeon Overview and Level Annotations

Branches:
Dungeon (4/15)
 Temple: D:4-7

Altars:

Shops:
D:4 =

Annotations:
D:3 Robin


Message History

You kill the dart slug!
You open the door.
Found 15 gold pieces.
You now have 67 gold pieces (gained 15).
You open the door.
There is an open door here.
You now have 78 gold pieces (gained 11).
There is an open door here.
You open the door.
A giant cockroach comes into view.
Casting: Searing Ray (safe; 1% risk of failure)
Confirm with . or Enter, or press ? or * to list all spells.
Aiming: Searing Ray (safe; 1% risk of failure)
Press: ? - help, Shift-Dir - straight line, f - giant cockroach
Aim: a giant cockroach (asleep, 100% to hit)
The searing ray hits the giant cockroach.
The giant cockroach is severely wounded. (Press . to maintain the ray.)
The searing ray misses the giant cockroach.
The giant cockroach bites you.
The searing ray hits the giant cockroach!
You kill the giant cockroach!
HP restored.
There is an open door here.
You open the door.
There is an open door here.
You open the door.
Casting: Searing Ray (safe; 1% risk of failure)
Confirm with . or Enter, or press ? or * to list all spells.
You can't see any susceptible monsters within range! (Use Z to cast anyway.)
Aiming: Magic Dart (safe; 1% risk of failure)
Press: ? - help, Q - select action, (/) - cycle Shift-Dir - straight line, f - Robin
Aim: Robin, wielding a +0 club, wearing a +0 animal skin, wearing a +0 helmet and carrying a wand of acid (7) (wandering, hasn't noticed you, 100% to hit)
The magic dart hits Robin.
Robin is moderately wounded.
Robin shouts!
You hear a shout! x3
Robin zaps a wand.
The bolt of acid hits you!!
Ouch! That really hurt!
You die...

#.#..#.#..#.#
#.#..'.'†.#.#
#.####.##+#.#
#...........#
#.####.##+#.#
#.#..#.# #.#
#.#..+.+ #.#
#.#'##.####.#
#......@....#
#.#'##.####.#
#.#..#.#.8#.#
#.#..'.'..#.#
.#.####.####.#
.......g.....#
##############


You could see Robin.

Vanquished Creatures
  Ijyb (D:3)
  3 adders (D:2)
  A worm (D:2)
  A dart slug (D:3)
  4 orcs (D:3)
  2 ball pythons
  2 bats (D:1)
  2 endoplasms (D:1)
  5 giant cockroaches
  7 goblins
  11 hobgoblins
  3 quokkas
  4 frilled lizards
  6 kobolds
  3 rats (D:1)
55 creatures vanquished.

Notes
Turn   | Place    | Note
-------+----------+-------------------------------------------
     0 | D:1      | Smaepdii the Deep Elf Conjurer began the quest for the Orb.
     0 | D:1      | Reached XP level 1. HP: 10/10 MP: 6/6
   120 | D:1      | Reached XP level 2. HP: 15/15 MP: 4/8
   214 | D:1      | Found a faded altar of an unknown god.
   302 | D:1      | Learned a level 2 spell: Searing Ray
   683 | D:1      | Reached XP level 3. HP: 19/19 MP: 7/9
  1229 | D:2      | Reached skill level 5 in Conjurations
  1369 | D:2      | Learned a level 3 spell: Dazzling Flash
  1393 | D:2      | Reached XP level 4. HP: 24/24 MP: 7/11
  1407 | D:2      | You fall into a shaft and drop 2 floors!
  1420 | D:4      | Found Poamea Hesy's Jewellery Shop.
  1471 | D:3      | Noticed Robin
  1814 | D:2      | Learned a level 1 spell: Apportation
  1968 | D:3      | Noticed Ijyb
  1976 | D:3      | Killed Ijyb
  2079 | D:3      | Killed from afar by Robin

Illustrated notes

Levels and vault maps discovered:
D:1:      co_arrival_square_in_a_square_in_a_square, layout_basic,
          ebering_ecumenical_altar_rust
D:2:      layout_basic
D:3:      minmay_door_path, layout_basic, minmay_hedge_maze, uniq_robin,
          uniq_grinder, uniq_ijyb
D:4:      layout_loops_ring, minmay_shop_enchanted_jewellery,
          minmay_goblin_outpost

Skill      XL: |  1  2  3  4 |
---------------+-------------+-----
Stealth        | 3 |  3.7
Dodging        | 3 |  3.4
Conjurations   | 5 |  5.4
Spellcasting   | 4 |  4.0

Action                   |  1- 3 |  4- 6 || total
-------------------------+-------+-------++-------
Melee: Whip              |     2 |     1 ||     3
 Cast: Magic Dart        |    53 |    14 ||    67
       Searing Ray       |     7 |    13 ||    20
 Stab: Sleeping          |     1 |       ||     1
Armor: Skin              |       |     3 ||     3
       Robe              |       |     2 ||     2
Dodge: Dodged            |     1 |     2 ||     3

Table legend: (Time is in decaauts)
 A = Elapsed time spent in this place.
 B = Non-inter-level travel time spent in this place.
 C = Inter-level travel time spent in this place.
 D = Time resting spent in this place.
 E = Time spent auto-exploring this place.
 F = Levels seen in this place.
 G = Mean time per level.
                   A        B        C        D        E       F      G
               +--------+--------+--------+--------+--------+-----+--------+
         Total |   2079 |   2000 |     79 |    187 |   1472 |   4 |  519.8 |
       Dungeon |   2079 |   2000 |     79 |    187 |   1472 |   4 |  519.8 |
               +--------+--------+--------+--------+--------+-----+--------+

Top non-repeatable levels by time:
     D:1: 1145 daAuts
     D:2: 691 daAuts
     D:3: 178 daAuts
     D:4: 63 daAuts
